 Dungeon Crawl Stone Soup version 0.26-a0-651-gb41185065b (webtiles) character file.

Game seed: 18259481759547147316

76 Irenicus the Digger (level 4, -2/36 HPs)
             Began as a Deep Dwarf Earth Elementalist on Sept 29, 2020.
             Slain by a wight
             ... wielding a +0 long sword
              (5 damage)
             ... on level 2 of the Dungeon.
             The game lasted 00:05:54 (697 turns).

Irenicus the Digger (Deep Dwarf Earth Elementalist)  Turns: 697, Time: 00:05:54

Health: -2/36      AC:  2    Str: 11    XL:     4   Next: 12%
Magic:  1/8        EV: 11    Int: 17    God:
Gold:   66         SH:  0    Dex: 13    Spells: 5/8 levels left

rFire    . . .     SeeInvis .   d - +0 club
rCold    . . .     Faith    .   (no shield)
rNeg     . . .     Spirit   .   c - +0 robe
rPois    .         Reflect  .   (no helmet)
rElec    .         Harm     .   (no cloak)
rCorr    .         Rampage  .   (no gloves)
MR       .....                  (no boots)
Stlth    +.........             (no amulet)
HPRegen  0.00/turn              (no ring)
MPRegen  0.11/turn              (no ring)

@: non-regenerating, heavily drained
A: damage resistance, heal wounds, sense surroundings 1, no regeneration
a: Heal Wounds


You were on level 2 of the Dungeon.
You visited 1 branch of the dungeon, and saw 2 of its levels.

You collected 66 gold pieces.

Inventory:

Hand Weapons
 d - a +0 club (weapon)
   (You took it off a goblin on level 1 of the Dungeon)
Missiles
 b - 117 stones (quivered)
Armour
 c - a +0 robe (worn)
Scrolls
 a - 2 scrolls of amnesia {unknown}
 e - a scroll of random uselessness {unknown}
 f - a scroll of remove curse {unknown}
 h - a scroll of enchant armour {unknown}
 i - a scroll of teleportation {unknown}
 j - a scroll of immolation {unknown}
 k - a scroll of blinking {unknown}


   Skills:
 - Level 2.2(0.3) Dodging
 - Level 2.5(0.5) Stealth
 + Level 2.9(0.9) Spellcasting
 - Level 0.8(0.0) Transmutations
 + Level 5.4(3.3) Earth Magic


You had 5 spell levels left.
You knew the following spells:

 Your Spells              Type           Power        Failure   Level
a - Sandblast             Erth           ##....       5%          1
w - Passwall              Tmut/Erth      #.......     16%         2

Your spell library contained the following spells:

 Spells                   Type           Power        Failure   Level
 Stone Arrow              Conj/Erth      #.....       32%         3
 Petrify                  Tmut/Erth      #.......     71%         4
 Lee's Rapid Deconstruct  Erth           ##........   83%         5


Dungeon Overview and Level Annotations

Branches:
Dungeon (2/15)

Altars:


Innate Abilities, Weirdness & Mutations

You are resistant to damage.
You can heal yourself by infusing magical energy.
You passively map a small area around you.
You do not regenerate.


Message History

You hit the wight but do no damage.
The wight is heavily damaged.
The wight closely misses you. The wight misses you.
You closely miss the wight.
The wight is heavily damaged.
The wight hits you with a +0 long sword.
You feel drained.
You take 4 damage, and have 24/36 hp.
You barely miss the wight.
The wight is heavily damaged.
You closely miss the wight.
The wight is heavily damaged.
The wight closely misses you.
Casting: Sandblast (safe; 3% risk of failure)
Confirm with . or Enter, or press ? or * to list all spells.
Aiming: Sandblast (safe; 3% risk of failure)
Press: ? - help, Shift-Dir - straight line, f/p - wight
Aim: a wight, wielding a +4 short sword of freezing and wearing a +0 robe (lightly damaged)
The blast of sand misses the wight.
The blast of sand hits the wight.
The wight is moderately damaged.
b - 119 stones The wight hits you with a +0 long sword.
You feel drained.
You take 1 damage, and have 23/36 hp.
You now have 0/8 mp.
You hit the wight.
The wight is almost destroyed.
You flicker for a moment.
The wight hits you with a +0 long sword.
You feel drained.
You take 2 damage, and have 21/36 hp.
You closely miss the wight.
The wight is almost destroyed.
The wight misses you.
You closely miss the wight.
The wight is severely damaged.
The wight closely misses you.
You barely miss the wight.
The wight is severely damaged.
The wight barely misses you.
You hit the wight.
The wight is almost destroyed.
You completely miss the wight.
The wight is moderately damaged.
You flicker back into view.
The wight hits you with a +4 short sword of freezing.
The wight freezes you.
You take 4 damage, and have 17/36 hp.
Casting: Sandblast (safe; 4% risk of failure)
Confirm with . or Enter, or press ? or * to list all spells.
Aiming: Sandblast (safe; 4% risk of failure)
Press: ? - help, Shift-Dir - straight line, f/p - wight
Aim: a wight, wielding a +4 short sword of freezing and wearing a +0 robe (moderately damaged)
The blast of sand hits the wight but does no damage.
The wight is moderately damaged.
b - 118 stones The wight hits you with a +4 short sword of freezing.
The wight freezes you.
You take 1 damage, and have 16/36 hp.
You now have 0/8 mp.
There is a shaft here.
The wight falls through a shaft!
The shaft crumbles and collapses.
Casting: Sandblast (safe; 4% risk of failure)
Confirm with . or Enter, or press ? or * to list all spells.
Aiming: Sandblast (safe; 4% risk of failure)
Press: ? - help, Shift-Dir - straight line, f - wight
Aim: a wight, wielding a +0 long sword and wearing a +0 robe (almost destroyed)
The blast of sand hits the wight but does no damage.
The wight is almost destroyed.
b - 117 stones You now have 0/8 mp.
You hit the wight but do no damage.
The wight is almost destroyed.
The wight hits you but does no damage.
You hit the wight but do no damage.
The wight is almost destroyed.
The wight hits you with a +0 long sword!
* * * LOW HITPOINT WARNING * * *
You feel drained.
You take 6 damage, and have 10/36 hp.
You barely miss the wight.
The wight is almost destroyed.
The wight hits you with a +0 long sword.
* * * LOW HITPOINT WARNING * * *
You feel drained.
You take 4 damage, and have 6/36 hp.
You hit the wight but do no damage.
The wight is almost destroyed.
The wight barely misses you.
Your magical contamination has completely faded away.
You hit the wight but do no damage.
The wight is almost destroyed.
The wight barely misses you.
You barely miss the wight.
The wight is almost destroyed.
The wight hits you with a +0 long sword.
* * * LOW HITPOINT WARNING * * *
You take 3 damage, and have 3/36 hp.
You barely miss the wight.
The wight is almost destroyed.
The wight hits you with a +0 long sword!
You die...

#..........#
#.#*.#
#.......<..# #.#
#..........# #.#
**
#..........###.#
####.....)..##.#
** ###.###...#†#
, #.# #°#...####
#.# #.###....#,*
#.# #..z@..#.# *
#.# #####.......
#.* #.###....
#.# ... * *#.#**
.. , , ... ,, .
*#.#* ,, .# , ,
*


You could see a wight.

Vanquished Creatures
  Jessica (D:2)
  An adder (D:1)
  2 dart slugs (D:2)
  2 leopard geckos
  3 bats
  2 giant cockroaches (D:2)
  4 hobgoblins
  6 kobolds
  A ball python (D:1)
  3 frilled lizards
  7 goblins
  3 rats
35 creatures vanquished.

Notes
Turn   | Place    | Note
-------+----------+-------------------------------------------
     0 | D:1      | Irenicus the Deep Dwarf Earth Elementalist began the quest
                  | for the Orb.
     0 | D:1      | Reached XP level 1. HP: 15/15 MP: 3/3
   117 | D:1      | Reached skill level 2 in Spellcasting
   152 | D:1      | Reached XP level 2. HP: 22/22 MP: 0/5
   192 | D:1      | Learned a level 2 spell: Passwall
   457 | D:2      | Noticed Jessica
   477 | D:1      | Reached XP level 3. HP: 20/28 MP: 0/6
   542 | D:2      | Reached skill level 5 in Earth Magic
   547 | D:2      | Killed Jessica
   548 | D:2      | Reached XP level 4. HP: 26/36 MP: 1/8
   647 | D:2      | HP: 8/36 [wight/+0 long sword (4)]
   693 | D:2      | HP: 6/36 [wight/+0 long sword (4)]
   697 | D:2      | Slain by a wight

Illustrated notes

Levels and vault maps discovered:
D:1:      beargit_arrival_greenhouse, layout_basic
D:2:      layout_rooms, nicolae_qazlal_eye_of_the_storm, uniq_jessica,
          uniq_crazy_yiuf_cottage

Skill      XL: |  1  2  3 |
---------------+----------+-----
Spellcasting   | 2 |  2.9
Earth Magic    | 5 |  5.4
Dodging        | |  2.2
Stealth        | |  2.5
Transmutations | |  0.8

Action                   |  1- 3 |  4- 6 || total
-------------------------+-------+-------++-------
Melee: Club              |     3 |    34 ||    37
 Cast: Sandblast         |    33 |    19 ||    52
       Passwall          |     3 |       ||     3
  Use: Potion            |       |     2 ||     2
 Stab: Invisible         |       |     3 ||     3
Armor: Robe              |     2 |     1 ||     3
Dodge: Dodged            |     9 |    31 ||    40

Table legend: (Time is in decaauts)
 A = Elapsed time spent in this place.
 B = Non-inter-level travel time spent in this place.
 C = Inter-level travel time spent in this place.
 D = Time resting spent in this place.
 E = Time spent auto-exploring this place.
 F = Levels seen in this place.
 G = Mean time per level.
                   A        B        C        D        E       F      G
               +--------+--------+--------+--------+--------+-----+--------+
         Total |    709 |    709 |      0 |      0 |      0 |   2 |  354.5 |
       Dungeon |    709 |    709 |      0 |      0 |      0 |   2 |  354.5 |
               +--------+--------+--------+--------+--------+-----+--------+

Top non-repeatable levels by time:
     D:1: 419 daAuts
     D:2: 290 daAuts

Table legend:
 A = Kills in this place as a percentage of kills in entire the game.
 B = Kills by you in this place as a percentage of kills by you in the entire game.
 C = Kills by friends in this place as a percentage of kills by friends in the entire game.
 D = Other kills in this place as a percentage of other kills in the entire game.
 E = Experience gained in this place as a percentage of experience gained in the entire game.
 F = Experience gained in this place divided by the number of levels of this place that you have seen.
                   A       B       C       D       E      F
               +-------+-------+-------+-------+-------+----------------------
         Total | 100.0 | 100.0 |   N/A |   N/A | 100.0 |  54.5
       Dungeon | 100.0 | 100.0 |   N/A |   N/A | 100.0 |  54.5
               +-------+-------+-------+-------+-------+----------------------
